 Dungeon Crawl Stone Soup version 0.30-a0-824-g6c64550be9 (webtiles) character file.

Game seed: 3336732116373230253

26 Nacht the Chiller (level 3, -1/28 HPs)
             Began as a Naga Ice Elementalist on Feb 27, 2023.
             Slain by a hobgoblin (2 damage)
             ... led by Robin
             ... on level 2 of the Dungeon.
             The game lasted 00:01:43 (1278 turns).

Nacht the Chiller (Naga Ice Elementalist)           Turns: 1278, Time: 00:01:43

Health: -1/28      AC:  2    Str:  8 (11) XL:     3   Next: 8%
Magic:  6/6        EV: 10    Int: 15 (16) God:
Gold:   92         SH:  0    Dex: 13 (15) Spells: 6/7 levels left

rFire   + . .      SeeInvis +    h - +6 short sword "Sufateyw" {vamp, rF+ Str+2}
rCold   . . .      Faith    .    (no shield)
rNeg    . . .      Spirit   .    a - +0 robe
rPois   +          Reflect  .    (no helmet)
rElec   .          Harm     .    (no cloak)
rCorr   .          Rampage  .    (no gloves)
Will    .....                    (no barding)
Stlth   ++                       (no amulet)
HPRegen 0.24/turn                (no ring)
MPRegen 0.10/turn                (no ring)

@: very slow
A: AC +1, large, see invisible, deformed body, poison resistance, slowness 2,
spit poison 2, naga tail 1, agile 1, deterioration 1
a: Breathe Poison Gas


You were on level 2 of the Dungeon.
You visited 1 branch of the dungeon, and saw 2 of its levels.

You collected 92 gold pieces.

Inventory:

Hand Weapons
 h - the +6 short sword "Sufateyw" (weapon) {vamp, rF+ Str+2}
   (You found it on level 2 of the Dungeon)

   Str:       It affects your strength (+2).
   rF:        It protects you from fire.
Armour
 a - a +0 robe (worn)
Scrolls
 c - 4 scrolls of identify {unknown}
 d - a scroll of poison {unknown}
 f - a scroll of torment {unknown}
 i - a scroll of summoning {unknown}
Potions
 b - a potion of magic
 e - a potion of degeneration


   Skills:
 - Level 1.5 Dodging
 + Level 3.6 Stealth
 * Level 2.5 Spellcasting
 * Level 4.3 Ice Magic


You had 6 spell levels left.
You knew the following spells:

 Your Spells              Type           Power      Damage    Failure   Level
a - Freeze                Ice            60%        1d7       3%          1

Your spell library contained the following spells:

 Spells                   Type           Power      Damage    Failure   Level
 Frozen Ramparts          Ice            30%        1d5       11%         3
 Ozocubu's Armour         Ice            15%        N/A       11%         3
 Ensorcelled Hibernation  Hex/Ice        16%        N/A       13%         2
 Passwall                 Tmut/Erth      0%         N/A       32%         2
 Sublimation of Blood     Necr           1%         N/A       32%         2
 Swiftness                Air            1%         N/A       54%         3
 Summon Ice Beast         Ice/Summ       8%         N/A       63%         4
 Petrify                  Tmut/Erth      1%         N/A       91%         4
 Irradiate                Conj/Tmut      0%         3d11      99%         5


Dungeon Overview and Level Annotations

Branches:
Dungeon (2/15)

Altars:

Annotations:
D:2 Robin


Innate Abilities, Weirdness & Mutations

Your serpentine skin is tough. (AC +1)
You have supernaturally acute eyesight. (SInv)
Armour fits poorly on your strangely shaped body.
Your system is resistant to poisons. (rPois)
You cover ground very slowly.
You can exhale a cloud of poison.
You have a snake-like lower body.
You are agile. (Dex +4, Str/Int -1)
Your body sometimes deteriorates upon taking damage.


Message History

A goblin comes into view. It is wielding a +0 club.
Robin's bangles clink loudly.
Robin throws the goblin at you! The goblin hits you with a +0 dagger.
A rat comes into view.
The hobgoblin closely misses you.
A goblin comes into view. It is wielding a +0 dagger of speed.
The goblin shouts!
You puncture the goblin!
You feel better.
You kill the goblin!
The goblin barely misses you. Robin throws the goblin at you!
The hobgoblin barely misses you.
A goblin comes into view. It is wielding a +0 dagger.
The goblin hits you with a +0 club.
The goblin shouts!
You hit the goblin.
You feel better.
The goblin is moderately wounded.
The goblin hits you with a +0 club. The hobgoblin barely misses you.
The goblin hits you but does no damage.
You barely miss the goblin.
The goblin is moderately wounded.
The goblin hits you with a +0 club. x2; The hobgoblin hits you.
Robin laughs in a distinctly smug fashion.
You hit the goblin.
You kill the goblin!
The hobgoblin hits you.
* * * LOW HITPOINT WARNING * * *
The goblin hits you with a +0 club.
* * * LOW HITPOINT WARNING * * *
It was a potion of degeneration.
There was something very wrong with that liquid.
You feel weakened.
You feel dopey.
You feel clumsy.
The hobgoblin hits you but does no damage.
The goblin hits you but does no damage. Robin throws the goblin at you!
The goblin hits you with a +0 dagger.
* * * LOW HITPOINT WARNING * * *
It was a potion of mutation.
You feel extremely strange.
There is a nasty taste in your mouth for a moment.
You feel yourself wasting away.
You feel agile. The hobgoblin hits you.
You die...

####.## #
#.........# .#
#.........# #.##.
#.........### .....
#........... gg#..|
#....>....# #.r....
#.........##ggg#
#..)......g@g#
#.........#gg......
#.........###.#..##
#.........# .#....
#..##..#### ......
....# #.## ......#
.#### #.####
##....... #....#
#........ ####.#
#..#....#


You could see Robin, a hobgoblin (strong), 7 goblins and a rat.

Vanquished Creatures
  A dart slug (D:1)
  3 endoplasms (D:1)
  3 goblins
  2 hobgoblins (D:2)
  3 jackals (D:1)
  2 ball pythons (D:1)
  2 bats (D:1)
  2 frilled lizards (D:1)
  2 kobolds
  2 rats (D:1)
22 creatures vanquished.

Notes
Turn   | Place    | Note
-------+----------+-------------------------------------------
     0 | D:1      | Nacht the Naga Ice Elementalist began the quest for the
                  | Orb.
     0 | D:1      | Reached XP level 1. HP: 15/15 MP: 3/3
   112 | D:1      | Reached XP level 2. HP: 18/22 MP: 1/5
  1167 | D:2      | Identified the +6 short sword "Sufateyw" {vamp, rF+ Str+2}
  1239 | D:2      | Reached XP level 3. HP: 26/28 MP: 4/6
  1270 | D:2      | Noticed Robin
  1277 | D:2      | HP: 1/28 [goblin/+0 dagger[Robin] (2)]
  1278 | D:2      | Gained mutation: You can exhale a cloud of poison. [potion
                  | of mutation]
  1278 | D:2      | Gained mutation: Your body sometimes deteriorates upon
                  | taking damage. [potion of mutation]
  1278 | D:2      | Gained mutation: You are agile. (Dex +4, Str/Int -1)
                  | [potion of mutation]
  1278 | D:2      | Slain by a hobgoblin

Illustrated notes

Levels and vault maps discovered:
D:1:      lightli_arrival_chessboard, layout_basic, minmay_misc_feat_room
D:2:      layout_rooms, uniq_robin

Action                     || total
---------------------------++-------
  Melee: Unarmed           ||     7
         Short sword       ||     4
   Cast: Freeze            ||    34
    Use: Potion            ||     2
 Armour: Robe              ||    12
  Dodge: Dodged            ||    20

Table legend: (Time is in decaauts)
 A = Elapsed time spent in this place.
 B = Non-inter-level travel time spent in this place.
 C = Inter-level travel time spent in this place.
 D = Time resting spent in this place.
 E = Time spent auto-exploring this place.
 F = Levels seen in this place.
 G = Mean time per level.
                   A        B        C        D        E       F      G
               +--------+--------+--------+--------+--------+-----+--------+
         Total |   1607 |   1515 |     92 |      0 |   1294 |   2 |  803.5 |
       Dungeon |   1607 |   1515 |     92 |      0 |   1294 |   2 |  803.5 |
               +--------+--------+--------+--------+--------+-----+--------+

Top non-repeatable levels by time:
     D:1: 1464 daAuts
     D:2: 142 daAuts
